[Event "CZE-ch Open 2019"]
[Site "Ostrava"]
[Date "2019.05.05"]
[Round "9.3"]
[White "Hausner, Ivan"]
[Black "Plat, Vojtech"]
[Result "1/2-1/2"]
[ECO "D85"]
[WhiteElo "2349"]
[BlackElo "2535"]
[Annotator "RC"]
[PlyCount "68"]
[EventDate "2019.04.27"]
[EventType "swiss"]
[EventCountry "CZE"]
[SourceTitle "playchess.com"]
[Source "ChessBase"]
[SourceQuality "1"]
[TimeControl "40/5400+30:1800+30"]

1. d4 Nf6 2. c4 g6 3. Nc3 d5 4. cxd5 Nxd5 5. g3 Bg7 6. Bg2 Nb6 7. Nf3 Nc6 8. Bf4 O-O 9. O-O Be6 10. Rc1 Bc4 11. b3 Ba6 12. Ne4 e5 13. Bxe5 Bxe5 14. dxe5 Qxd1 15. Rfxd1 Bxe2 16. Re1 Bxf3 17. Bxf3 Nxe5 18. Nf6+ Kg7 19. Nh5+ gxh5 20. Rxe5 c6 21. Bxh5 Rfe8 22. Rg5+ Kf6 23. Rg4 Nd5 24. Rh4 Kg7 25. Rg4+ Kf8 26. Rh4 Nf6 27. Bf3 Rad8 28. Rc2 Re5 29. Rb4 Rd7 30. Kg2 Ke7 31. Kf1 Rc7 32. Re2 Rxe2 33. Kxe2 b6 34. Rh4 Kf8 1/2-1/2

[Event "CZE-ch Open 2019"]
[Site "Ostrava"]
[Date "2019.05.05"]
[Round "9.4"]
[White "Mrazek, Lumir"]
[Black "Simacek, Pavel"]
[Result "0-1"]
[ECO "B23"]
[WhiteElo "2364"]
[BlackElo "2471"]
[Annotator "RC"]
[PlyCount "80"]
[EventDate "2019.04.27"]
[EventType "swiss"]
[EventCountry "CZE"]
[SourceTitle "playchess.com"]
[Source "ChessBase"]
[SourceQuality "1"]
[TimeControl "40/5400+30:1800+30"]

1. e4 c5 2. Nc3 Nc6 3. f4 e6 4. Nf3 d5 5. Bb5 Nge7 6. exd5 exd5 7. Qe2 a6 8. Bxc6+ bxc6 9. Ne5 Qd6 10. b3 f6 11. Nd3 c4 12. bxc4 dxc4 13. Nb2 Qxf4 14. Nxc4 Bg4 15. Rf1 Qd4 16. Qe4 Qxe4+ 17. Nxe4 Nd5 18. Rb1 O-O-O 19. Nb6+ Kc7 20. Nxd5+ cxd5 21. Rf4 h5 22. Ng3 Bc5 23. d4 Rde8+ 24. Kf1 Bd6 25. Rf2 h4 26. Nf5 Bxh2 27. Nxg7 Re7 28. Nf5 Re4 29. Ne3 Rhe8 30. Rxf6 Rxe3 31. Bxe3 Rxe3 32. Rxa6 Bg3 33. Ra7+ Kc8 34. Rg7 Be2+ 35. Kg1 Bc4 36. a4 Ra3 37. Ra7 Ra2 38. c3 Bd3 39. Rd1 Be4 40. Ra8+ Kb7 0-1

[Event "CZE-ch Open 2019"]
[Site "Ostrava"]
[Date "2019.05.05"]
[Round "9.7"]
[White "Roubalik, Jakub"]
[Black "Stocek, Jiri"]
[Result "0-1"]
[ECO "E12"]
[WhiteElo "2417"]
[BlackElo "2563"]
[Annotator "ChessBase"]
[PlyCount "158"]
[EventDate "2019.04.27"]
[EventType "swiss"]
[EventCountry "CZE"]
[SourceTitle "playchess.com"]
[Source "ChessBase"]
[SourceQuality "1"]
[TimeControl "40/5400+30:1800+30"]

1. d4 Nf6 2. c4 e6 3. Nf3 b6 4. a3 Bb7 5. Nc3 d5 6. cxd5 Nxd5 7. e3 Nd7 8. Bd3 c5 9. Nxd5 Bxd5 10. O-O cxd4 11. Nxd4 Bd6 12. e4 Bb7 13. Bb5 a6 14. e5 Bc5 15. Bxd7+ Qxd7 16. Nb3 Be7 17. Qxd7+ Kxd7 18. Be3 Bd5 19. Rfd1 Rhc8 20. Nd4 g6 21. Rd2 Kc7 22. Ne2 Kb7 23. Nc3 Bc6 24. f3 Rc7 25. Rad1 Rac8 26. Kf2 a5 27. Rd4 Bf8 28. R1d2 Ka6 29. Ne4 Bg7 30. Nd6 Bxe5 31. Nxc8 Bxd4 32. Bxd4 Rxc8 33. Rc2 Kb7 34. Bf6 Re8 35. f4 a4 36. Ke3 Ra8 37. g3 Ra5 38. Be5 g5 39. Rd2 gxf4+ 40. gxf4 Ra8 41. Bc3 Rg8 42. Kd4 Bd5 43. Ke5 Kc6 44. Rf2 Rg6 45. Kd4 f6 46. Ke3 Rh6 47. Kd2 Kd6 48. Bb4+ Kd7 49. Bc3 Ke7 50. Bd4 b5 51. Bc5+ Kf7 52. Be3 Rh3 53. Kd3 Bf3 54. Kd4 Kg6 55. Kc5 Be4 56. Bd4 Rh5+ 57. Kb4 Bd3 58. Kc3 Bc4 59. Bb6 Kf5 60. Bd4 Rh3+ 61. Kb4 h5 62. Kc5 h4 63. Bc3 Rd3 64. Bd4 h3 65. Bc3 Re3 66. Kd6 Kg6 67. Ke7 f5 68. Rd2 Kh5 69. Rf2 Kg4 70. Kf6 Rf3 71. Rxf3 Kxf3 72. Be1 Kxf4 73. Bg3+ Ke4 74. Bc7 f4 75. Kg5 e5 76. Bb8 f3 77. Ba7 Kd3 78. Kg4 Ke2 79. Kg3 e4 0-1

[Event "CZE-ch Open 2019"]
[Site "Ostrava"]
[Date "2019.05.05"]
[Round "9.12"]
[White "Zwardon, Vojtech"]
[Black "Kulhanek, Tomas"]
[Result "1-0"]
[ECO "A10"]
[WhiteElo "2458"]
[BlackElo "2316"]
[Annotator "RC"]
[PlyCount "87"]
[EventDate "2019.04.27"]
[EventType "swiss"]
[EventCountry "CZE"]
[SourceTitle "playchess.com"]
[Source "ChessBase"]
[SourceQuality "1"]
[TimeControl "40/5400+30:1800+30"]

1. c4 g6 2. g3 Bg7 3. Bg2 e5 4. Nc3 d6 5. e3 Nc6 6. Rb1 Be6 7. b4 Qd7 8. d3 Nf6 9. b5 Nd8 10. Qa4 O-O 11. Nd5 Ne8 12. h4 h6 13. Ne2 Kh7 14. Bb2 f5 15. Qa5 c6 16. Nb4 e4 17. Bxg7 Nxg7 18. Nd4 Bxc4 19. bxc6 bxc6 20. dxc4 c5 21. Nb5 cxb4 22. Qxb4 Nf7 23. O-O a6 24. Nd4 Ne5 25. Rfd1 Qc7 26. Bf1 Rfb8 27. Qa4 g5 28. hxg5 hxg5 29. Be2 Rb6 30. Qa5 Rab8 31. Rb3 Qc5 32. Qxc5 dxc5 33. Rxb6 Rxb6 34. Nb3 f4 35. Rd5 f3 36. Bf1 Nf7 37. Nxc5 Rb2 38. Nxe4 Rxa2 39. c5 Kg6 40. Bd3 Kh6 41. Rd7 Ne5 42. Rd6+ Kh5 43. Nf6+ Kh6 44. Ng4+ 1-0

[Event "CZE-ch Open 2019"]
[Site "Ostrava"]
[Date "2019.05.05"]
[Round "9.13"]
[White "Rubes, Jan"]
[Black "Liska, Jiri"]
[Result "0-1"]
[ECO "A22"]
[WhiteElo "2345"]
[BlackElo "2236"]
[Annotator "RC"]
[PlyCount "92"]
[EventDate "2019.04.27"]
[EventType "swiss"]
[EventCountry "CZE"]
[SourceTitle "playchess.com"]
[Source "ChessBase"]
[SourceQuality "1"]
[TimeControl "40/5400+30:1800+30"]

1. c4 Nf6 2. Nc3 e5 3. g3 Nc6 4. Bg2 Bc5 5. a3 a6 6. e3 O-O 7. Nge2 Re8 8. O-O Rb8 9. d4 exd4 10. exd4 Bf8 11. d5 Ne5 12. Qd4 c5 13. dxc6 dxc6 14. Qxd8 Rxd8 15. Bf4 Re8 16. Nd4 Bd7 17. Nf3 Nxf3+ 18. Bxf3 Rbd8 19. Bc7 Rc8 20. Bb6 Be6 21. b3 Nd7 22. Be3 Ne5 23. Bg2 Rcd8 24. h3 f5 25. Ne2 Rd3 26. Rfb1 Bf7 27. Nd4 g6 28. Kh1 Rd8 29. Ne2 Bg7 30. Kh2 h6 31. a4 g5 32. a5 Bh5 33. Ng1 f4 34. Bb6 R8d7 35. Ra2 f3 36. Bh1 g4 37. Ba7 Rd8 38. Bb6 R8d7 39. Ba7 Bg6 40. hxg4 Nxg4+ 41. Kh3 Ne5 42. g4 h5 43. gxh5 Bf5+ 44. Kg3 Bh6 45. Bb8 Rg7+ 46. Kh4 Bg5+ 0-1

[Event "CZE-ch Open 2019"]
[Site "Ostrava"]
[Date "2019.05.05"]
[Round "9.16"]
[White "Jasny, Stanislav"]
[Black "Ludvik, Tomas"]
[Result "1/2-1/2"]
[ECO "B92"]
[WhiteElo "2347"]
[BlackElo "2222"]
[Annotator "NA"]
[PlyCount "104"]
[EventDate "2019.04.27"]
[EventType "swiss"]
[EventCountry "CZE"]
[SourceTitle "playchess.com"]
[Source "ChessBase"]
[SourceQuality "1"]
[TimeControl "40/5400+30:1800+30"]

1. e4 c5 2. Nf3 d6 3. d4 cxd4 4. Nxd4 Nf6 5. Nc3 a6 6. Be2 e5 7. Nb3 Be7 8. O-O O-O 9. Re1 Be6 {[%emt 0:04:25] B92: Sicilian Najdorf: 6 Be2} 10. Bf3 Nbd7 11. a4 Qc7 (11... Qb8 12. a5 Rc8 13. h3 h6 14. Nd5 Nxd5 15. exd5 Bf5 16. c3 Nf6 17. Ra4 {0-1 (96) Vovk,Y (2579)-Wojtaszek,R (2724) Katowice 2019}) 12. a5 Rfd8 13. Be3 Nc5 14. Nxc5 $146 ({Predecessor:} 14. Re2 h6 15. Rd2 Nfd7 16. Nc1 b6 {1-0 (42) Sawadkuhi,M (2164)-Keresztes,R (2271) Kecskemet 2011}) 14... dxc5 15. Qe2 h6 16. Na4 Nd7 17. Bg4 Bxg4 18. Qxg4 Bg5 19. Bxg5 hxg5 20. Nc3 Nf6 21. Qxg5 Rd4 22. Re3 Qd6 (22... Rad8 $16 {was worth a try.} 23. Rg3 Ne8) 23. Rg3 g6 24. Rh3 Rd8 25. Nd5 Nxd5 26. Qh6 Qf6 27. exd5 R8xd5 28. Rf1 Rd2 29. Rf3 Qg7 30. Qxg7+ (30. Qh4 $11) 30... Kxg7 31. Rc3 Re2 32. g3 e4 33. Kg2 Rdd2 34. Rxc5 Rxc2 35. Rxc2 Rxc2 36. b4 Rb2 37. g4 e3 38. Kf3 (38. h3 $142) 38... exf2 39. Rxf2 Rb3+ ({Don't take} 39... Rxb4 40. Re2 $17) 40. Kf4 Rxb4+ 41. Kg3 Rb5 42. Ra2 g5 43. Ra3 Kg6 44. h3 f6 45. Kf3 f5 46. gxf5+ Kxf5 47. Kg3 Ke4 48. Kg4 {[%emt 0:00:00] [#]} Kd4 $1 49. Ra1 Kc3 50. Kh5 Kb4 $19 51. Kg4 Kc4 52. Ra4+ Kb3 1/2-1/2

[Event "CZE-ch Open 2019"]
[Site "Ostrava"]
[Date "2019.05.05"]
[Round "9.17"]
[White "Serrano Salvador, Eduardo"]
[Black "Babula, Milan"]
[Result "1/2-1/2"]
[ECO "A84"]
[WhiteElo "2305"]
[BlackElo "2204"]
[Annotator "NA"]
[PlyCount "164"]
[EventDate "2019.04.27"]
[EventType "swiss"]
[EventCountry "CZE"]
[SourceTitle "playchess.com"]
[Source "ChessBase"]
[SourceQuality "1"]
[TimeControl "40/5400+30:1800+30"]

1. d4 e6 2. c4 f5 3. Nc3 Nf6 4. Nf3 Be7 5. d5 (5. Bf4 O-O 6. e3 d6 7. h3 Qe8 8. Bd3 Nc6 9. Bh2 Qg6 10. Rg1 Ne4 11. Qb3 Bd7 12. d5 Nc5 13. Qd1 Nxd3+ 14. Qxd3 {0-1 (53) Drygalov,S (2446)-Amin,B (2710) St Petersburg 2018}) 5... d6 6. dxe6 {[%emt 0:00:57] A85: Dutch Defence: 2 c4 Nf6 3 Nc3} Bxe6 7. Nd4 Bd7 8. g3 Na6 $146 ({Predecessor:} 8... c5 9. Nf3 Ne4 10. Nd5 Bc6 11. Bg2 Nd7 12. O-O Nb6 13. Nxe7 Qxe7 {½-½ (21) Kleibaumhueter,K (2184)-Stinis,S (2053) Arco 2002}) 9. Bg2 c6 10. O-O O-O 11. Qc2 Qc8 12. Rd1 Nc5 13. Nb3 Nxb3 14. axb3 Nh5 15. f4 Nf6 16. Be3 Ng4 17. Bd4 ({But not} 17. Bxa7 Rxa7 18. Rxa7 d5 $11) 17... a6 18. h3 Nf6 19. Na4 Qe8 20. Nb6 Rd8 21. Nxd7 Qxd7 22. Kh2 Qe6 23. Rd3 Rf7 24. Re3 Qd7 25. Ra5 g6 26. Ra1 Re8 27. Rd1 Bf8 28. Red3 Re6 29. Bxf6 Rfxf6 30. b4 Qe8 31. Bf3 Re3 32. b5 Rxd3 33. Rxd3 axb5 34. cxb5 d5 35. bxc6 bxc6 36. Rc3 Kh8 37. Rb3 h5 38. Kg2 Kh7 39. Rb7+ Bg7 40. Qa4 Rf7 41. Rxf7 Qxf7 42. Qxc6 Bxb2 43. Bxd5 Qe7 44. e4 fxe4 45. Bxe4 Bf6 46. g4 hxg4 47. hxg4 Qf7 $1 $11 {[%emt 0:00:00] keeps the balance.} 48. Bd5 Qe7 49. Be6 Qd8 50. Qb7+ Qe7 51. Qc6 Qd8 52. Bd5 Qe7 53. Be4 Qd8 54. Qc2 Qe8 55. g5 Bxg5 56. fxg5 Qe7 57. Bxg6+ Kg7 58. Qf5 (58. Bf5 $16 Qxg5+ 59. Kf3) 58... Qe2+ $1 59. Kg3 $11 Qe3+ 60. Kg4 Qg1+ 61. Kf3 Qf1+ 62. Ke3 Qe1+ 63. Kd4 Qb4+ 64. Ke5 Qc5+ 65. Kf4 Qf2+ 66. Ke4 Qe1+ 67. Kd3 Qd1+ 68. Kc3 Qc1+ 69. Kb3 Qd1+ 70. Kc4 Qa4+ 71. Kc3 Qa1+ 72. Kb3 Qd1+ 73. Kb4 Qd6+ 74. Kb5 Qxg6 75. Qe5+ Kf7 76. Qd5+ Kg7 77. Kc5 Qc2+ 78. Kd6 Qh2+ 79. Kd7 Qh3+ 80. Ke7 Qe3+ 81. Kd8 Kg6 82. Qg8+ Kh5 1/2-1/2

[Event "CZE-ch Open 2019"]
[Site "Ostrava"]
[Date "2019.05.05"]
[Round "9.18"]
[White "Jedlicka, Ales"]
[Black "Sramek, Vojtech"]
[Result "1-0"]
[ECO "A52"]
[WhiteElo "2236"]
[BlackElo "2304"]
[Annotator "NA"]
[PlyCount "111"]
[EventDate "2019.04.27"]
[EventType "swiss"]
[EventCountry "CZE"]
[SourceTitle "playchess.com"]
[Source "ChessBase"]
[SourceQuality "1"]
[TimeControl "40/5400+30:1800+30"]

1. d4 Nf6 2. c4 e5 3. dxe5 Ng4 4. Bf4 g5 5. Bg3 Nc6 6. Nf3 Bg7 7. Nc3 Ngxe5 8. Nxe5 Nxe5 9. e3 d6 10. h4 {[%emt 0:02:19] A52: Budapest Gambit} g4 11. Rc1 (11. Be2 Be6 12. Rc1 O-O 13. b3 c6 14. h5 f5 15. h6 {0-1 (27) Wojtaszek,R (2711)-Jobava,B (2710) Wijk aan Zee 2014}) 11... Be6 12. h5 h6 13. Be2 Qd7 14. Rh4 $146 ({Predecessor:} 14. b3 O-O-O 15. Nd5 f5 16. Nf4 Bf7 17. Qd2 Kb8 {0-1 (33) Barseghyan,H (2467)-Zwardon,V (2412) chess.com INT 2018}) 14... f5 15. Nd5 O-O-O 16. Rh2 Rhf8 17. Qb3 Kb8 18. f3 (18. Nf4 $15) 18... Rde8 19. Rd1 gxf3 20. gxf3 Bxd5 21. cxd5 Nxf3+ 22. Bxf3 f4 23. Bxf4 Rxf4 24. Be2 Rfe4 25. Rd3 Be5 26. Rg2 Qh3 27. Rg1 Qh4+ 28. Kd1 Rb4 29. Qa3 Rxb2 30. Rb3 Rxe2 {[%emt 0:02:46] [#]} 31. Qa6 $1 {[%emt 0:00:41] [#]} Rd2+ $1 {[%emt 0:04:01] Decoy} 32. Kxd2 Qf2+ 33. Kd3 Qf5+ 34. Kd2 Qf2+ 35. Kd3 Qf5+ 36. Kd2 Bc3+ 37. Kc1 Qxd5 38. Qb5 Bd2+ {[%emt 0:02:42] [#]} 39. Kc2 $1 Qxb5 40. Rxb5 c6 41. Rb3 Ba5 42. Rg6 {[%emt 0:00:00] Double Attack} Bd8 $2 (42... c5 $16 43. Rxh6 (43. Rxd6 c4 $16) 43... c4) 43. Rxh6 Bg5 44. Rxd6 Rh8 $18 45. Rg6 Rxh5 46. Kd3 Bh6 47. Rg8+ Kc7 48. Rh8 Rh3 49. Ke4 Kd6 50. Kf5 Rf3+ 51. Kg4 Rf6 52. Kh5 Bf8 53. Rxb7 Rf2 54. Kg4 Bg7 55. Rd8+ Ke6 56. Kg3 {[%emt 0:00:27] Kd5} 1-0

[Event "CZE-ch Open 2019"]
[Site "Ostrava"]
[Date "2019.05.05"]
[Round "9.19"]
[White "Malik, Jan"]
[Black "Taus, Martin"]
[Result "1/2-1/2"]
[ECO "C04"]
[WhiteElo "2286"]
[BlackElo "2104"]
[Annotator "NA RC"]
[PlyCount "72"]
[EventDate "2019.04.27"]
[EventType "swiss"]
[EventCountry "CZE"]
[SourceTitle "playchess.com"]
[Source "ChessBase"]
[SourceQuality "1"]
[TimeControl "40/5400+30:1800+30"]

1. e4 e6 2. d4 d5 3. Nd2 Nc6 4. Ngf3 Nf6 5. e5 Ne4 6. Bd3 {[%emt 0:01:41] C04: French Tarrasch: 3...Nc6} f5 {[%emt 0:00:10] [#]} 7. exf6 $1 Nxf6 8. O-O Bd6 9. c4 (9. Re1 O-O 10. c3 Nh5 11. Nf1 Nf4 12. Bxf4 Rxf4 13. Ne3 Bd7 14. g3 {1-0 (66) Balogh,C (2621)-Balog,I (2548) Slovakia 2017}) 9... O-O 10. c5 Bf4 11. g3 $146 ({Predecessor:} 11. Nb3 $14 Bxc1 (11... e5 12. dxe5 Bxe5 13. h3 Ne4 14. Nxe5 Nxe5 15. Bxe4 dxe4 16. Qxd8 Rxd8 {½-½ (49) Cucancic,S (2257)-Tomic,B (2092) Rijeka 2008}) 12. Rxc1 (12. Qxc1 Nh5 $14)) 11... e5 12. Nxe5 Bxe5 13. dxe5 Nxe5 14. Be2 Bh3 15. Re1 Nfg4 16. f4 Ne3 (16... Qe7 $1 $11 {keeps the balance.} 17. b4 Rae8) 17. Qb3 N5g4 (17... N5c4 $16) 18. Nf3 Qe7 {[%emt 0:05:27] [#]} (18... Ng2 $16 19. Rd1 c6) 19. Ng5 $2 ({White has to play} 19. Bb5 $1 $18) 19... Qxc5 20. Bxe3 Nxe3 21. Nxh3 Nc2+ 22. Nf2 Nxe1 23. Rxe1 Rae8 24. Kg2 Re3 25. Nd3 Qd4 26. Qxb7 Rfe8 27. Ne5 Qd2 28. Qb5 c6 29. Qxc6 Rxe2+ 30. Rxe2 $11 Qxe2+ 31. Kh3 Qh5+ 32. Kg2 Qe2+ 33. Kh3 Qh5+ 34. Kg2 Qe2+ 35. Kh3 Qh5+ 36. Kg2 Qe2+ 1/2-1/2

[Event "CZE-ch Open 2019"]
[Site "Ostrava"]
[Date "2019.05.05"]
[Round "9.20"]
[White "Kanakova, Natalie"]
[Black "Vokac, Marek"]
[Result "1/2-1/2"]
[ECO "A04"]
[WhiteElo "2202"]
[BlackElo "2343"]
[Annotator "NA RC"]
[PlyCount "60"]
[EventDate "2019.04.27"]
[EventType "swiss"]
[EventCountry "CZE"]
[SourceTitle "playchess.com"]
[Source "ChessBase"]
[SourceQuality "1"]
[TimeControl "40/5400+30:1800+30"]

1. Nf3 g6 2. e4 Bg7 3. d4 c6 4. h3 d6 5. Bc4 (5. c4 Nf6 6. Nc3 O-O 7. Be3 a6 8. a4 a5 9. Be2 Na6 10. O-O Nd7 11. Qd2 Re8 12. Rad1 e5 13. d5 Bf8 14. Ne1 Nac5 15. Qc2 Qb6 16. Nd3 Qb3 17. Qd2 Nxd3 18. Bxd3 Nc5 {1-0 (62) Nihal,S (2576)-Novikov,S (2540) St Petersburg 2018}) 5... d5 6. Bb3 {[%emt 0:00:44] B06: Modern Defence} dxe4 7. Ng5 Nh6 8. c3 $146 ({Predecessor:} 8. Nxe4 Nf5 9. c3 O-O 10. O-O Na6 11. Bf4 Nc7 12. Nbd2 Nd5 {1-0 (42) Verges,J (1940)-Jelen,P (2150) Oravska Priehrada 2015}) 8... O-O 9. O-O Nd7 10. Nxe4 Nf5 11. Nbd2 e5 12. dxe5 Nxe5 13. Nc4 Qxd1 14. Rxd1 Nxc4 15. Bxc4 h6 16. Bf4 Re8 17. Re1 Be6 18. Nd6 Nxd6 19. Bxe6 Rxe6 20. Rxe6 fxe6 21. Bxd6 Rd8 22. Bf4 Kf7 23. Kf1 Rd5 24. a4 Ra5 25. Bd2 b5 26. b3 Ra6 27. Ke2 c5 28. Kd3 c4+ 29. Kc2 $11 Ke8 30. Kb2 Rd6 1/2-1/2

[Event "CZE-ch Open 2019"]
[Site "Ostrava"]
[Date "2019.05.05"]
[Round "9.21"]
[White "Vesselovsky, Serguei"]
[Black "Koubova, Anna Marie"]
[Result "1/2-1/2"]
[ECO "A05"]
[WhiteElo "2335"]
[BlackElo "2005"]
[Annotator "NA"]
[PlyCount "152"]
[EventDate "2019.04.27"]
[EventType "swiss"]
[EventCountry "CZE"]
[SourceTitle "playchess.com"]
[Source "ChessBase"]
[SourceQuality "1"]
[TimeControl "40/5400+30:1800+30"]

1. Nf3 Nf6 2. c4 g6 3. Nc3 Bg7 4. e4 d6 5. d4 O-O 6. h3 e5 7. d5 Nbd7 8. Bg5 a5 9. g4 Nc5 10. Nd2 c6 11. Be2 Bd7 {[%emt 0:03:31] E92: King's Indian: Classical: 6 Be2 e5: 7 dxe5, 7 Be3 and Petrosian System without 7...Nbd7} 12. h4 cxd5 (12... a4 13. a3 Qa5 14. Kf1 cxd5 15. cxd5 b5 16. Be3 Rab8 17. h5 b4 18. axb4 Rxb4 19. Bxc5 Qxc5 {0-1 (27) Grischuk,A (2792)-Morozevich,A (2731) Dubai 2014}) 13. Nxd5 (13. exd5 $11 Qb6 14. Nb3) 13... Bc6 14. h5 Bxd5 15. exd5 $146 ({Predecessor:} 15. cxd5 Qb6 16. Nc4 Qc7 17. f3 a4 18. Kf1 b5 {½-½ (37) Bartkowiak,D (2152)-Myzyk,J (2075) Poronin 2013}) 15... Qb6 16. Qc2 Nfd7 17. Be3 Rfe8 18. Rb1 Qc7 19. b3 Rf8 20. a3 Nb6 21. Kf1 Ncd7 22. Rc1 Rac8 23. Bd3 Nf6 24. f3 e4 25. Nxe4 Nxe4 26. Bxe4 Rfe8 $2 (26... Nd7 $16 27. Qh2 (27. hxg6 fxg6 28. Kg2 Nf6 $16) 27... Nf6) 27. Bf2 $2 (27. Qh2 $18) 27... Nd7 (27... a4 $14) 28. Kg2 Nf6 29. hxg6 fxg6 30. Rhe1 Nxe4 (30... a4 $16) 31. Rxe4 ({Weaker is} 31. fxe4 Rf8 $14) 31... Qf7 32. Rce1 Be5 33. Qe2 Rf8 34. Bg3 Bxg3 35. Kxg3 b5 36. Kg2 ({White should play} 36. cxb5 $18 Qxd5 37. Re3) 36... a4 37. Re7 ({Much weaker is} 37. cxb5 $6 axb3 38. Qd3 (38. Re7 Qf4 $11) 38... Qf6 $14) 37... Qf6 38. bxa4 ({But not} 38. cxb5 axb3 39. Qe6+ Qxe6 $14) 38... bxc4 39. Qe6+ Qxe6 40. R7xe6 Rfd8 41. Rc1 Rc5 42. Rc3 Rxd5 43. Rxc4 Rd3 $16 (43... Rd7 $14) 44. Re7 h5 45. gxh5 gxh5 46. Rcc7 Rxa3 47. Rg7+ Kf8 48. Rgf7+ Kg8 49. Rg7+ Kf8 50. Rcf7+ Ke8 51. Ra7 Kf8 52. Rh7 Kg8 53. Rxh5 Rf8 54. Rg5+ Kh8 55. Rh5+ Kg8 56. Rg5+ Kh8 57. Rg3 Rf4 58. Ra5 Rh4 59. Rg4 Rxg4+ 60. fxg4 Kg7 61. Kf2 Kf6 62. Ke2 d5 63. Ra8 Rg3 64. Rg8 Ra3 65. g5+ Kf5 66. Ra8 Kxg5 67. a5 Kf6 68. a6 d4 69. Kd2 Kg7 70. Kc2 d3+ 71. Kd2 Kh7 72. Ke3 Kg7 73. Ra7+ Kg6 74. Ra8 Kg7 75. a7 Kh7 76. Kd2 Kg7 1/2-1/2

[Event "CZE-ch Open 2019"]
[Site "Ostrava"]
[Date "2019.05.05"]
[Round "9.26"]
[White "Horak, Jan"]
[Black "Obsivac, Josef"]
[Result "1/2-1/2"]
[ECO "B23"]
[WhiteElo "2158"]
[BlackElo "2285"]
[Annotator "RC"]
[PlyCount "92"]
[EventDate "2019.04.27"]
[EventType "swiss"]
[EventCountry "CZE"]
[SourceTitle "playchess.com"]
[Source "ChessBase"]
[SourceQuality "1"]
[TimeControl "40/5400+30:1800+30"]

1. e4 c5 2. Nc3 Nc6 3. f4 e6 4. Nf3 d5 5. d3 d4 6. Nb1 f5 7. exf5 exf5 8. g3 Nf6 9. Bg2 Qe7+ 10. Qe2 Qxe2+ 11. Kxe2 Bd6 12. h3 O-O 13. Bd2 Bd7 14. Na3 Rfe8+ 15. Kf2 h6 16. Nc4 Bc7 17. Rhe1 Be6 18. Nfe5 Bxe5 19. Nxe5 Bd5 20. Nd7 Bxg2 21. Nxf6+ gxf6 22. Kxg2 h5 23. Kf3 Kf7 24. Rxe8 Rxe8 25. Re1 Rd8 26. a4 b6 27. b3 a6 28. Rg1 Rh8 29. Re1 Ra8 30. Ra1 Re8 31. Rg1 Rc8 32. Re1 Ne7 33. Rg1 Nd5 34. Re1 Ra8 35. Kf2 Rc8 36. Ra1 Rc6 37. Re1 Rc7 38. Rg1 Ke6 39. Re1+ Kf7 40. Rg1 Rc6 41. Ra1 Rc7 42. Rg1 Ke7 43. Re1+ Kd7 44. Kf3 Rc8 45. Rg1 Re8 46. Kf2 Rc8 1/2-1/2

[Event "CZE-ch Open 2019"]
[Site "Ostrava"]
[Date "2019.05.05"]
[Round "9.27"]
[White "Vybiral, Zdenek"]
[Black "Jurek, Josef"]
[Result "1-0"]
[ECO "E29"]
[WhiteElo "2274"]
[BlackElo "2269"]
[Annotator "NA"]
[PlyCount "105"]
[EventDate "2019.04.27"]
[EventType "swiss"]
[EventCountry "CZE"]
[SourceTitle "playchess.com"]
[Source "ChessBase"]
[SourceQuality "1"]
[TimeControl "40/5400+30:1800+30"]

1. d4 Nf6 2. c4 e6 3. Nc3 Bb4 4. e3 O-O 5. a3 Bxc3+ 6. bxc3 c5 7. Bd3 ({Of course not} 7. dxc5 Na6 $17) 7... Nc6 8. Ne2 b6 9. O-O Ba6 10. e4 Ne8 11. f4 f5 12. e5 Na5 13. d5 {[%emt 0:00:20] E29: Nimzo-Indian: Sämisch: 5...0-0 6 e3 c5 7 Bd3 Nc6} Bxc4 (13... d6 14. g4 fxg4 15. dxe6 Qe7 16. Ng3 Rd8 17. Qxg4 dxe5 18. fxe5 Rxf1+ 19. Bxf1 Qc7 20. Bg5 Rb8 {1-0 (30) Avalyan,A (2347)-Khegay,D (2504) Moscow 2019}) 14. Bxc4 Nxc4 15. d6 Qc8 16. Qd3 Na5 17. Be3 Qc6 18. c4 $146 ({Predecessor:} 18. Rad1 Qa4 19. Bc1 g6 20. Kh1 Ng7 {1-0 (51) Iniyan,P (2048)-Visakh,N (2308) Thrissur 2014}) 18... Qa4 19. Rfc1 g6 20. Rab1 Ng7 21. Bd2 Rab8 22. Qc2 Qxc2 23. Rxc2 Nc6 24. Bc3 Rb7 25. Kf2 g5 26. g3 g4 27. Ke3 Kf7 28. Rcb2 Rfb8 29. Nc1 Nd8 30. Nd3 h5 31. a4 a5 32. Rb5 Ne8 33. Kd2 Ng7 34. Kc2 Ne8 35. Nxc5 bxc5 36. Bxa5 Rxb5 37. cxb5 Nb7 38. Bc3 Nexd6 39. exd6 Ra8 40. a5 Nxd6 41. b6 Nb7 42. Ra1 Ra6 43. Kb3 d5 44. Ka4 d4 45. Kb5 Ra8 46. Bb2 d3 $18 47. a6 Nd6+ 48. Kxc5 d2 49. a7 Ke7 50. Rd1 Rc8+ 51. Kb4 Rc4+ 52. Kb3 Rc8 53. Ba3 1-0

[Event "CZE-ch Open 2019"]
[Site "Ostrava"]
[Date "2019.05.05"]
[Round "9.28"]
[White "Vorisek, Jakub"]
[Black "Havelka, Ondrej"]
[Result "1-0"]
[ECO "C11"]
[WhiteElo "1991"]
[BlackElo "2156"]
[Annotator "NA RC"]
[PlyCount "103"]
[EventDate "2019.04.27"]
[EventType "swiss"]
[EventCountry "CZE"]
[SourceTitle "playchess.com"]
[Source "ChessBase"]
[SourceQuality "1"]
[TimeControl "40/5400+30:1800+30"]

1. e4 e6 2. d4 d5 3. Nc3 Nf6 4. e5 Nfd7 5. Nce2 c5 6. c3 Nc6 7. Nf3 f6 8. Nf4 {[%emt 0:02:55] C11: French: Classical System: 4 e5 and 4 Bg5 dxe4} Ndxe5 9. dxe5 $146 ({Predecessor:} 9. Nxe5 fxe5 10. Qh5+ Kd7 11. dxe5 Qe8 12. Qh3 Kc7 13. Bb5 Bd7 14. O-O Rc8 15. Re1 a6 {1-0 (41) Belov,V (2614)-Ozen,D (2413) Izmir 2018}) 9... fxe5 10. Nxe5 Nxe5 11. Qh5+ Nf7 12. Bb5+ Bd7 13. Nxe6 Qe7 14. Qe2 c4 15. Nc7+ Kd8 16. Qxe7+ Bxe7 17. Bxd7 ({Of course not} 17. Nxa8 Bxb5 18. Bf4 Bd6 $15) 17... Kxc7 18. Be6 Ne5 19. Bxd5 Nd3+ 20. Ke2 b5 21. Bxa8 Rxa8 $18 22. Rd1 Rf8 23. f3 Bd6 24. Rxd3 cxd3+ 25. Kxd3 Bxh2 26. Be3 Rd8+ 27. Bd4 h6 28. Re1 Rd7 29. Re6 Bd6 30. Ke4 a5 31. Rg6 Bf8 32. Ra6 a4 33. Ra7+ Kc6 34. Rxd7 Kxd7 35. Kd5 g6 36. Bc5 Bg7 37. Bb4 h5 38. Kc5 Ke6 39. Kxb5 Kf5 40. Kxa4 Kf4 41. Bd6+ Ke3 42. c4 Bxb2 43. c5 Bd4 44. c6 Bb6 45. Kb5 Bd8 46. a4 Kf2 47. a5 Kxg2 48. c7 Bxc7 49. Bxc7 Kxf3 50. a6 g5 51. a7 g4 52. a8=Q+ 1-0